 Dungeon Crawl Stone Soup version 0.25.1-1-g288607f (webtiles) character file.

Game seed: 5860543904739995468

640745 2bobheroes the Wrestler (level 27, -10/270 HPs)
             Began as a Troll Fighter on July 21, 2020.
             Was a High Priest of Okawaru.
             Killed from afar by a purple draconian scorcher (23 damage)
             ... with damnation
             ... on level 5 of the Realm of Zot on July 26, 2020.
             The game lasted 06:22:26 (63234 turns).

2bobheroes the Wrestler (Troll Fighter)            Turns: 63234, Time: 06:22:26

Health: -10/270    AC: 31    Str: 30    XL:     27
Magic:  31/31      EV: 21    Int: 14    God:    Okawaru [*****.]
Gold:   6640       SH: 36    Dex: 21    Spells: 18/26 levels left

rFire    . . .     SeeInvis +     - Unarmed
rCold    . . .     Gourm    +   I - +8 tower shield
rNeg     . . .     Faith    .   O - +11 shadow dragon scales "Hatageet" {Int+3 Dex+5 Stlth++++}
rPois    .         Spirit   .   e - +2 hat {SInv}
rElec    .         Reflect  +   j - +2 cloak
rCorr    .         Harm     .   (gloves unavailable)
MR       ++...                  (boots unavailable)
Stlth    ++++++....             F - amulet of the Equinox {Reflect Int+7 SH+5}
HPRegen  0.95/turn              N - +4 ring of evasion
MPRegen  0.22/turn              t - +4 ring of evasion

@: hasted, studying 2 skills, very quick
A: large, unfitting armour, claws 3, clumsy 1, deformed body, fast metabolism 3,
gourmand, regeneration 1, shaggy fur 1, tough skin 3, weak 1
}: 3/15 runes: barnacled, abyssal, gossamer
a: Heroism, Finesse, Renounce Religion


You were on level 5 of the Realm of Zot.
You worshipped Okawaru.
Okawaru was extremely pleased with you.
You were completely stuffed.

You visited 10 branches of the dungeon, and saw 49 of its levels.
You visited the Abyss 2 times.
You visited 1 bazaar.
You also visited: Ossuary, Bailey, Gauntlet and Ice Cave.

You collected 11257 gold pieces.
You spent 4617 gold pieces at shops.

Inventory:

Missiles
 q - 133 poisoned darts
 r - 151 large rocks (quivered)
 B - 16 curare-tipped darts
 D - 2 datura-tipped darts
 G - 41 atropa-tipped darts
 J - 10 silver boomerangs
 L - 73 javelins
 P - 80 silver javelins
 R - 11 boomerangs of dispersal
Armour
 e - a +2 hat of see invisible (worn)
 j - a +2 cloak (worn)
 I - a +8 tower shield (worn)
 O - the +11 shadow dragon scales "Hatageet" (worn) {Int+3 Dex+5 Stlth++++}
   (Okawaru gifted it to you on level 13 of the Dungeon)

   It affects your intelligence (+3).
   It affects your dexterity (+5).
   It makes you much more stealthy.
Jewellery
 a - the ring of the Mage {Wiz MR++ Int+3}
   (You took it off an orc warrior on level 3 of the Elven Halls)

   [ring of wizardry]

   It improves your spell success rate.
   It affects your intelligence (+3).
   It affects your resistance to hostile enchantments.
 p - an uncursed ring of protection from fire
 t - a +4 ring of evasion (right claw)
 A - the ring of Incredulity {+Inv rElec rPois MR++ Str-3}
   (You acquired it on level 4 of the Depths)

   [ring of poison resistance]

   It affects your strength (-3).
   It insulates you from electricity.
   It protects you from poison.
   It affects your resistance to hostile enchantments.
   It lets you turn invisible.
 F - the amulet of the Equinox (around neck) {Reflect Int+7 SH+5}
   (You found it in a Gauntlet)

   [amulet of reflection]

   It shields you and reflects attacks.
   It affects your intelligence (+7).
   It affects your SH (+5).
 N - a +4 ring of evasion (left claw)
Wands
 b - a wand of polymorph (34)
 v - a wand of digging (17)
 C - a wand of acid (57)
 K - a wand of clouds (16)
 X - a wand of paralysis (34)
 Z - a wand of enslavement (35)
Scrolls
 d - 4 scrolls of fear
 g - 5 scrolls of fog
 k - 34 scrolls of teleportation
 s - 23 scrolls of remove curse
 H - 14 scrolls of blinking
 M - 3 scrolls of magic mapping
 Q - 20 scrolls of identify
 S - 3 scrolls of silence
Potions
 c - 7 potions of haste
 f - a potion of might
 i - 3 potions of ambrosia
 l - 3 potions of invisibility
 o - 27 potions of curing
 w - 2 potions of resistance
 x - 2 potions of berserk rage
 y - 2 potions of stabbing
 z - 9 potions of heal wounds
 U - a potion of flight
Books
 u - a manual of Shields
 T - a manual of Poison Magic
Miscellaneous
 h - a phial of floods
 m - a tin of tremorstones (3/3)
 n - a lightning rod (4/4)
 V - 5 phantom mirrors
 W - a tin of tremorstones (3/3)
Comestibles
 E - 99 rations
 Y - 6 chunks of flesh


   Skills:
 + Level 15.4 Fighting
 + Level 16.2 Throwing
 + Level 13.7 Armour
 + Level 9.1 Dodging
 + Level 12.0 Stealth
 + Level 17.0 Shields
 - Level 22.0 Unarmed Combat
 * Level 7.6 Translocations
 - Level 8.0 Invocations
 * Level 12.4 Evocations


You had 18 spell levels left.
You knew the following spells:

 Your Spells              Type           Power        Failure   Level  Hunger
a - Mephitic Cloud        Conj/Pois/Air  #.......     96%         3    ####...
b - Blink                 Tloc           N/A          6%          2    ###....
c - Lesser Beckoning      Tloc           ###.......   12%         3    ####...

Your spell library contained the following spells:

 Spells                   Type           Power        Failure   Level  Hunger
 Apportation              Tloc           ###...       4%          1    ##.....
 Gell's Gravitas          Tloc           ###.......   12%         3    ####...
 Teleport Other           Tloc           ###.....     12%         3    ####...
 Shroud of Golubria       Chrm/Tloc      ##....       30%         2    ###....
 Passage of Golubria      Tloc           N/A          38%         4    #####..
 Portal Projectile        Hex/Tloc       ##....       52%         3    ####...
 Recall                   Summ/Tloc      N/A          52%         3    ####...
 Animate Skeleton         Necr           N/A          67%         1    ##.....
 Beastly Appendage        Tmut           #.....       67%         1    ##.....
 Corona                   Hex            #......      67%         1    ##.....
 Foxfire                  Conj/Fire      #...         67%         1    ##.....
 Infusion                 Chrm           #...         67%         1    ##.....
 Magic Dart               Conj           #...         67%         1    ##.....
 Pain                     Necr           #...         67%         1    ##.....
 Sandblast                Erth           #.....       67%         1    ##.....
 Summon Small Mammal      Summ           #...         67%         1    ##.....
 Ensorcelled Hibernation  Hex/Ice        #.....       82%         2    ###....
 Passwall                 Tmut/Erth      #.......     82%         2    ###....
 Poisonous Vapours        Pois/Air       #.....       82%         2    ###....
 Searing Ray              Conj           #.....       82%         2    ###....
 Slow                     Hex            #.......     82%         2    ###....
 Song of Slaying          Chrm           #.......     82%         2    ###....
 Sticks to Snakes         Tmut           #.......     82%         2    ###....
 Sublimation of Blood     Necr           #.........   82%         2    ###....
 Iskenderun's Mystic Bla  Conj/Tloc      ##......     89%         4    #####..
 Confusing Touch          Hex            #.......     96%         3    ####...
 Conjure Flame            Conj/Fire      #.......     96%         3    ####...
 Dazzling Flash           Conj/Hex       #.....       96%         3    ####...
 Ignite Poison            Fire/Tmut/Pois #.......     96%         3    ####...
 Inner Flame              Hex/Fire       #.......     96%         3    ####...
 Spider Form              Tmut/Pois      #.........   96%         3    ####...
 Static Discharge         Conj/Air       #.......     96%         3    ####...
 Stone Arrow              Conj/Erth      #.....       96%         3    ####...
 Tukima's Dance           Hex            #.......     96%         3    ####...
 Vampiric Draining        Necr           #.........   96%         3    ####...
 Summon Forest            Summ/Tloc      ##........   99%         5    ######.
 Dispersal                Tloc           ###.......   99%         6    #######
 Animate Dead             Necr           N/A          100%        4    #####..
 Cause Fear               Hex            #.........   100%        4    #####..
 Dispel Undead            Necr           #.......     100%        4    #####..
 Fulminant Prism          Conj/Hex       #.........   100%        4    #####..
 Ice Form                 Ice/Tmut       #.......     100%        4    #####..
 Leda's Liquefaction      Hex/Erth       #.........   100%        4    #####..
 Petrify                  Tmut/Erth      #.......     100%        4    #####..
 Sticky Flame             Conj/Fire      #.......     100%        4    #####..
 Agony                    Necr           #.......     100%        5    ######.
 Alistair's Intoxication  Tmut/Pois      #.......     100%        5    ######.
 Aura of Abjuration       Summ           #.........   100%        5    ######.
 Blade Hands              Tmut           #.........   100%        5    ######.
 Bolt of Magma            Conj/Fire/Erth #.........   100%        5    ######.
 Excruciating Wounds      Chrm/Necr      #.........   100%        5    ######.
 Fireball                 Conj/Fire      #.........   100%        5    ######.
 Irradiate                Conj/Tmut      #.........   100%        5    ######.
 Iskenderun's Battlesphe  Conj/Chrm      #.......     100%        5    ######.
 Lee's Rapid Deconstruct  Erth           #.........   100%        5    ######.
 Lightning Bolt           Conj/Air       #.........   100%        5    ######.
 Metabolic Englaciation   Hex/Ice        #.........   100%        5    ######.
 Summon Demon             Summ           #.........   100%        5    ######.
 Summon Mana Viper        Hex/Summ       #.......     100%        5    ######.
 Yara's Violent Unravell  Hex/Tmut       #.........   100%        5    ######.
 Death Channel            Necr           #.........   100%        6    #######
 Eringya's Noxious Bog    Tmut/Pois      #.........   100%        6    #######
 Freezing Cloud           Conj/Ice/Air   #.........   100%        6    #######
 Hydra Form               Tmut           #.........   100%        6    #######
 Iron Shot                Conj/Erth      #.........   100%        6    #######
 Ozocubu's Refrigeration  Ice            #.........   100%        6    #######
 Shadow Creatures         Summ           N/A          100%        6    #######
 Simulacrum               Ice/Necr       #.........   100%        6    #######
 Starburst                Conj/Fire      #.........   100%        6    #######
 Statue Form              Tmut/Erth      #........    100%        6    #######
 Dragon Form              Tmut           #.........   100%        7    #######
 Haunt                    Necr/Summ      #.........   100%        7    #######
 Malign Gateway           Summ/Tloc      ##........   100%        7    #######
 Orb of Destruction       Conj           #.........   100%        7    #######
 Ring of Flames           Chrm/Fire      #.........   100%        7    #######
 Spellforged Servitor     Conj/Summ      #.........   100%        7    #######
 Borgnjor's Revivificati  Necr           #.........   100%        8    #######
 Chain Lightning          Conj/Air       #.........   100%        8    #######
 Controlled Blink         Tloc           N/A          100%        8    #######
 Death's Door             Chrm/Necr      #.........   100%        8    #######
 Disjunction              Tloc           ###.......   100%        8    #######
 Ignition                 Fire           #.........   100%        8    #######
 Infestation              Necr           #.........   100%        8    #######
 Lehudib's Crystal Spear  Conj/Erth      #.........   100%        8    #######
 Necromutation            Tmut/Necr      #.........   100%        8    #######
 Absolute Zero            Ice            #.........   100%        9    #######
 Fire Storm               Conj/Fire      #.........   100%        9    #######
 Shatter                  Erth           #.........   100%        9    #######
 Tornado                  Air            #.........   100%        9    #######


Dungeon Overview and Level Annotations

Branches:
Dungeon (15/15)            Temple (1/1) D:4            Lair (6/6) D:9
 Shoals (4/4) Lair:4       Spider (4/4) Lair:2        Slime (0/5) Lair:6
    Orc (2/2) D:10            Elf (3/3) Orc:2        Vaults (4/5) D:13
  Crypt (0/3) Vaults:2     Depths (5/5) D:15            Zot (5/5) Depths:5
Ossuary (visited)          Bailey (visited)           IceCv (visited)
Gauntlet (visited)

Altars:
Ashenzari
Cheibriados
Dithmenos
Elyvilon
Fedhas
Gozag
Hepliaklqana
Kikubaaqudgha
Makhleb
Nemelex Xobeh
Okawaru
Qazlal
Ru
Sif Muna
Trog
Uskayaw
Vehumet
Wu Jian
Xom
Yredelemnul
Zin
The Shining One
Beogh
Jiyva

Shops:
D:15 ?   Orc:2 ?*:*   Elf:3 (   Vaults:3 !([?   Vaults:4 *}(   Depths:2 %![*

Portals:
Hell: Depths:1 Depths:2 Depths:3 Depths:4 Depths:5
Abyss: Depths:4
Pandemonium: Depths:3
Ziggurat: Depths:1

Annotations:
Vaults:3 3 runed translucent doors, hypoxyphilia's ghost, adept MiBe
Vaults:4 3 runed translucent doors, corvin's ghost, veteran TrBe
Zot:1 2 transporters, exclusion: orange crystal statue


Innate Abilities, Weirdness & Mutations

You are too large for most types of armour.
You have claws for hands.
Your metabolism is lightning-fast.
You like to eat raw meat.
Your natural rate of healing is unusually fast.
You are covered in fur. (AC +1)
You have extremely tough skin. (AC +3)
You are clumsy. (Dex -2)
Armour fits poorly on your strangely shaped body.
You are weak. (Str -2)


Message History

You block the purple draconian's attack.
The purple draconian scorcher roars!
The green draconian scorcher points at you and mumbles some strange words.
The bolt of magma hits you!!!
You block the purple draconian scorcher's attack.
The green draconian scorcher gestures at you while chanting.
The sphere of damnation explodes!
The damnation engulfs you!!!
* * * LOW HITPOINT WARNING * * *
You hear a roar! x4
Unknown command.
Okay, then.
You feel yourself speed up.
You feel like a meek peon again.
The green draconian scorcher points at you and mumbles some strange words.
The bolt of magma hits you!!!
* * * LOW HITPOINT WARNING * * *
There is an open door here.
The purple draconian scorcher casts a spell at you.
The sphere of damnation explodes!
The damnation engulfs you!!
You die...

..##...##,,,,,####,,,,,*,,,,,****
...#+####,,,,,,.#.**,,,,,,,***,,*
.....#..####,,,,..,**,,,,,,***,,*
#....#.###.##,,,#.####,,,****,,,,
.......##...####*....#**** **,,,
.##....+.....'.###..#### *** *,,,
.#.....##...##..##..#..#**,****,,
.#.##...##.##....'.q##.#*,,,**,,,
.....#...#'#(...@##..#.+,,,,,+,,,
.#..##.#''.......#...q.#*,,,**,,,
##...###.##.⌠.########.##*,***,,,
#..####...##.##,,,*#..d.###*,***,
###..'.....###,,,,,##...q.#,,,,**
##.#......+,,,<,,,#..#).....d,,
###......#,,,,,,,+.##.###...,*
##.....#,,<,,^,###,.#,,,^#**
##...##*,,,,,**,*,d.,,,**


You could see a purple draconian scorcher.

Vanquished Creatures
  3 orbs of fire
  An ancient lich (Depths:4)
  Mara (Shoals:3)
  2 juggernauts (Depths:3)
  Frederick (Vaults:2)
  Boris (Vaults:2)
  2 golden dragons (Depths:5)
  2 bone dragons
  Arachne (Spider:4)
  13 tentacled monstrosities
  A hellephant (Abyss:2)
  3 liches
  2 deep elf master archers (Elf:3)
  Asterion (Vaults:1)
  7 quicksilver dragons
  3 deep elf blademasters
  6 titans
  A sphinx (Depths:3)
  5 death cobs
  An Executioner (Abyss:2)
  6 tentacled starspawn
  Polyphemus (Shoals:3)
  5 krakens
  Kirke (Spider:2)
  14 shadow dragons
  Agnes (D:14)
  Gastronok (D:9)
  2 tengu reavers
  Ilsuiw (Shoals:3)
  7 storm dragons
  Donald (Vaults:1)
  12 fire giants
  A revenant (Vaults:2)
  2 draconian monks
  A nagaraja (Depths:4)
  4 deep elf sorcerers
  4 orc warlords
  15 vault wardens
  2 frost giants
  11 draconian scorchers
  9 ghost moths
  11 draconian shifters
  A caustic shrike zombie (Depths:4)
  Louise (Shoals:3)
  A ghoul (Vaults:4)
  2 deep elf elementalists (Elf:3)
  A spriggan defender (Depths:3)
  3 draconian stormcallers
  5 draconian knights
  A reaper (Depths:3)
  4 emperor scorpions
  5 draconian annihilators
  12 ironheart preservers
  21 stone giants
  7 deep elf annihilators
  4 entropy weavers
  The ghost of Icunaodgh the Stormcaller, a journeyman TeAE of Vehumet (D:14)
  2 deep elf demonologists
  14 very ugly things
  5 vampire knights
  14 black draconians
  8 green draconians
  13 starcursed masses
  3 spark wasps
  2 dire elephants
  A minotaur (Gauntlet)
  9 red draconians
  The ghost of Wutz the Basher, a journeyman FoSk of Okawaru (D:14)
  7 purple draconians
  14 white draconians
  An eidolon (Vaults:2)
  The ghost of Anyutwal the Cleaver, a journeyman HOFi of Beogh (D:12)
  10 yellow draconians
  7 merfolk javelineers
  10 deep elf death magi
  20 ettins
  9 merfolk impalers
  12 yaktaur captains
  Josephine (D:11)
  7 fire dragons
  3 deep elf high priests
  5 jiangshi
  A naga warrior (Depths:4)
  11 great orbs of eyes
  A caustic shrike simulacrum (Depths:1)
  10 ice dragons
  22 vault guards
  7 rakshasas
  5 hydras
  15 centaur warriors
  2 death knights
  A hell beast (Depths:1)
  An alligator snapping turtle (shapeshifter) (Vaults:2)
  3 alligator snapping turtles
  8 spriggan air magi
  2 catoblepae
  5 deep troll shamans
  5 merfolk aquamancers
  8 satyrs
  23 dancing weapons
  6 death yaks
  4 hell hogs (Abyss:2)
  11 deep troll earth magi
  17 ogre magi
  The ghost of jr88keys the Nimble, a novice MiFi of Okawaru (D:9)
  50 two-headed ogres
  The ghost of Weresquid the Demon Slayer, a novice MiGl of the Shining One (D:9)
  7 tengu warriors
  5 orc high priests
  4 spriggan berserkers
  5 thrashing horrors
  5 vampire magi
  4 wretched stars
  4 hell knights (Depths:5)
  3 soul eaters
  A storm dragon zombie (Depths:4)
  Nergalle (D:11)
  17 small abominations
  18 deep elf knights
  2 sixfirhies
  8 spriggans
  9 iron trolls
  7 sea snakes
  9 skeletal warriors
  A fire crab (Gauntlet)
  30 deep trolls
  4 unseen horrors
  3 salamander mystics (Depths:2)
  7 flayed ghosts
  2 spatial maelstroms
  3 shadow wraiths
  A glowing orange brain (shapeshifter) (Elf:2)
  5 glowing orange brains
  A lindwurm (Lair:6)
  2 shadow dragon zombies
  8 wizards
  A golden dragon skeleton (Depths:4)
  13 ironbrand convokers
  9 deep elf archers
  14 harpies
  5 phantasmal warriors
  8 necromancers
  Pikel (D:6)
  2 shadow dragon skeletons
  22 orb spiders
  A wolf spider zombie (D:14)
  31 wolf spiders
  13 orc knights
  An iron dragon zombie (Depths:4)
  46 ugly things
  55 deep elf magi
  11 manticores
  8 orc sorcerers
  4 worldbinders
  8 oklob plants
  10 salamanders (Depths:2)
  A frost giant zombie (Abyss:1)
  24 fauns
  8 cyclopes
  10 merfolk sirens
  2 ice statues (IceCv)
  12 black mambas
  5 centaur zombies
  A naga mage (Depths:4)
  21 vault sentinels
  8 elephants
  Joseph (D:9)
  34 moths of wrath
  A water nymph (shapeshifter) (D:15)
  A black mamba (shapeshifter) (Vaults:1)
  4 water nymphs
  3 apocalypse crabs
  2 molten gargoyles (Lair:6)
  4 torpor snails
  4 smoke demons
  2 guardian serpents (Depths:4)
  A centaur skeleton (D:10)
  4 gargoyles
  An orange demon (Depths:3)
  3 spiny frogs
  5 spectral swamp worms (Depths:2)
  3 rime drakes
  A storm dragon simulacrum (Abyss:2)
  A rime drake (shapeshifter) (Depths:5)
  19 demonic crawlers
  A yaktaur (shapeshifter) (D:15)
  50 yaktaurs
  A spriggan zombie (Depths:1)
  A komodo dragon (shapeshifter) (Vaults:3)
  5 freezing wraiths
  An emperor scorpion zombie (Abyss:2)
  2 elves (Depths:2)
  12 komodo dragons
  2 spriggan skeletons (Depths:1)
  An elf skeleton (Depths:4)
  2 hellwings (Abyss:2)
  A tormentor (Abyss:2)
  4 guardian mummies (Depths:1)
  A queen bee (D:9)
  A silent spectre (Depths:3)
  4 ancient zymes
  3 tengu conjurers
  2 ice devils
  13 merfolk
  35 jumping spiders
  Grinder (D:5)
  A wind drake (shapeshifter) (Vaults:1)
  2 polar bears
  A wolf spider simulacrum (D:15)
  12 trolls
  A hornet (shapeshifter) (D:15)
  5 wind drakes
  24 hornets
  16 slime creatures
  13 hippogriffs
  Prince Ribbit (D:9)
  7 blink frogs
  9 snapping turtles
  20 dream sheep
  2 raiju (Abyss:2)
  A fire giant simulacrum (Depths:1)
  A hippogriff (shapeshifter) (Depths:4)
  41 redbacks
  An ettin skeleton (Depths:1)
  A shadow (D:13)
  A spriggan (shapeshifter) (D:15)
  25 water elementals
  6 vampires
  3 air elementals
  23 tarantellas
  6 wyverns
  13 wraiths
  6 fire bats
  A ynoxinul (Abyss:2)
  A human (D:10)
  26 yaks
  4 fire elementals
  A human (shapeshifter) (D:14)
  8 basilisks
  6 large abominations
  2 steam dragons (Lair:6)
  2 human simulacra
  A golden eye (shapeshifter) (Elf:3)
  A chaos spawn (Abyss:2)
  A hog (shapeshifter) (Vaults:1)
  5 hogs
  6 vampire mosquitoes (D:15)
  2 hungry ghosts
  2 neqoxecs
  2 wargs (shapeshifter)
  6 wargs
  Menkaure (Ossuary)
  A naga (shapeshifter) (Depths:3)
  Edmund (D:6)
  A swamp worm (shapeshifter) (D:15)
  3 spatial vortices (Abyss:2)
  2 acid dragons
  6 hell hounds
  14 water moccasins
  Duvessa (D:7)
  A floating eye (Lair:6)
  11 porcupines
  32 orc warriors
  3 slaves (D:6)
  6 black bears
  A hornet zombie (D:7)
  10 ice beasts
  2 sky beasts
  A necrophage (D:12)
  An ogre (shapeshifter) (D:15)
  30 ogres
  2 phantoms (D:8)
  27 centaurs
  16 boggarts
  5 eyes of draining
  14 wolves
  A human skeleton (Vaults:4)
  8 crocodiles
  Blork the orc (D:6)
  A big kobold (D:9)
  16 bullfrogs
  A gnoll sergeant (D:7)
  2 wyvern zombies
  An earth elemental (Elf:3)
  A wyvern skeleton (D:12)
  Dowan (D:7)
  5 scorpions
  39 killer bees
  2 spectral wolves (Depths:2)
  2 electric eels
  3 wights (D:8)
  4 howler monkeys
  5 lava snakes (Lair:6)
  7 crimson imps
  5 quasits
  8 hounds
  3 iron imps
  6 jellies
  19 orc priests
  21 orc wizards
  2 gnoll shamans
  4 iguanas
  Ijyb (D:3)
  4 hell rats (Lair:6)
  10 worker ants
  A killer bee zombie (D:9)
  A hound zombie (D:6)
  7 mummies
  A worker ant zombie (D:11)
  26 gnolls
  22 adders
  3 shadow imps
  3 white imps
  5 ufetubi
  An adder zombie (D:8)
  2 adder skeletons
  6 worms
  3 dart slugs
  84 orcs
  5 giant cockroaches
  7 gnoll zombies (Ossuary)
  6 goblins
  15 hobgoblins
  26 jackals
  7 quokkas
  2 ball pythons
  3 bats
  5 frilled lizards
  A giant cockroach zombie (D:5)
  5 gnoll skeletons (Ossuary)
  4 goblin skeletons (Ossuary)
  5 goblin zombies (Ossuary)
  A hobgoblin skeleton (Ossuary)
  4 hobgoblin zombies (Ossuary)
  A jackal skeleton (D:4)
  25 kobolds
  5 kobold skeletons (Ossuary)
  2 kobold zombies (Ossuary)
  2 leopard gecko skeletons
  2 orc skeletons (Ossuary)
  4 orc zombies (Ossuary)
  8 rats
  7 rat skeletons (Ossuary)
  3 rat zombies (Ossuary)
  10 crawling corpses (Elf:3)
  A fire vortex (Depths:2)
  2 lurking horrors
  7 plants
  6 starspawn tentacles
  12 tentacles
  A withered plant (Shoals:2)
2458 creatures vanquished.

Vanquished Creatures (others)
  An emperor scorpion (Spider:3)
  A white draconian (Zot:4)
  A tengu warrior (Depths:2)
  2 deep elf knights (Elf:1)
  A sea snake (Shoals:4)
  2 deep elf magi
  A wolf spider (Spider:4)
  A harpy (Depths:4)
  A faun (Shoals:3)
  A manticore (Shoals:2)
  A yaktaur (Depths:2)
  A merfolk (Shoals:4)
  A redback (Spider:1)
  An ogre (Depths:1)
  A wolf (Depths:2)
  3 boggarts (Depths:3)
  An orc wizard (Orc:2)
  An orc skeleton (Ossuary)
  30 bushes (D:14)
  8 fungi
  28 plants
  7 starspawn tentacles
  20 tentacles
  4 withered plants (D:9)
119 creatures vanquished.

Grand Total: 2577 creatures vanquished

Notes
Turn   | Place    | Note
-------+----------+-------------------------------------------
     0 | D:1      | 2bobheroes the Troll Fighter began the quest for the Orb.
     0 | D:1      | Reached XP level 1. HP: 22/22 MP: 0/0
   458 | D:1      | Reached XP level 2. HP: 29/29 MP: 1/1
   989 | D:2      | Found a stormy altar of Qazlal.
   990 | D:2      | Found a burning altar of Makhleb.
   995 | D:2      | Reached XP level 3. HP: 36/36 MP: 2/2
  1582 | D:3      | Reached skill level 1 in Throwing
  1582 | D:3      | Reached skill level 3 in Unarmed Combat
  1582 | D:3      | Reached XP level 4. HP: 38/44 MP: 3/3
  1644 | D:3      | Noticed Ijyb
  1651 | D:3      | Killed Ijyb
  1950 | D:3      | Reached XP level 5. HP: 52/52 MP: 4/4
  2625 | D:4      | Reached skill level 1 in Stealth
  2780 | D:4      | Found a hazy altar of Hepliaklqana.
  2792 | D:4      | Reached XP level 6. HP: 60/61 MP: 5/5
  2967 | D:4      | Found a staircase to the Ecumenical Temple.
  2974 | Temple   | Entered the Ecumenical Temple
  3245 | D:4      | Reached skill level 4 in Unarmed Combat
  3400 | D:4      | Found a glowing golden altar of the Shining One.
  3499 | D:5      | Entered Level 5 of the Dungeon
  3539 | D:5      | Noticed Grinder
  3543 | D:5      | Paralysed by Grinder for 7 turns
  3554 | D:5      | Killed Grinder
  3554 | D:5      | Reached XP level 7. HP: 59/67 MP: 6/6
  3633 | D:5      | Found a sand-covered staircase.
  3651 | Ossuary  | Entered an ossuary
  3928 | Ossuary  | Noticed Menkaure
  3936 | Ossuary  | Killed Menkaure
  3936 | Ossuary  | Reached skill level 5 in Unarmed Combat
  4576 | D:5      | Found a snail-covered altar of Cheibriados.
  4728 | D:6      | Reached XP level 8. HP: 65/78 MP: 7/7
  5035 | D:6      | Reached skill level 6 in Unarmed Combat
  5423 | D:6      | Noticed Edmund
  5441 | D:6      | Killed Edmund
  5442 | D:6      | Noticed Pikel
  5459 | D:6      | Killed Pikel
  5459 | D:6      | Reached XP level 9. HP: 78/85 MP: 8/8
  5765 | D:6      | Found an iron altar of Okawaru.
  5779 | D:6      | Became a worshipper of Warmaster Okawaru
  5856 | D:6      | Noticed Blork the orc
  5870 | D:6      | Killed Blork the orc
  6052 | D:7      | Reached skill level 7 in Unarmed Combat
  6056 | D:7      | Noticed Dowan
  6058 | D:7      | Noticed Duvessa
  6251 | D:7      | Killed Dowan
  6261 | D:7      | Killed Duvessa
  6377 | D:7      | Reached * piety under Okawaru
  6755 | D:7      | Reached skill level 5 in Fighting
  6930 | D:7      | You fall into a shaft and drop 3 floors!
  6930 | D:10     | Entered Level 10 of the Dungeon
  6934 | D:10     | Reached skill level 5 in Dodging
  6934 | D:10     | Reached skill level 5 in Shields
  6960 | D:10     | Reached XP level 10. HP: 44/96 MP: 6/9
  6962 | D:10     | Reached skill level 8 in Unarmed Combat
  7132 | D:9      | Reached ** piety under Okawaru
  7142 | D:9      | Noticed Prince Ribbit
  7160 | D:9      | Reached skill level 5 in Throwing
  7164 | D:9      | Killed Prince Ribbit
  7233 | D:9      | Found a staircase to the Lair.
  7240 | D:9      | Noticed Gastronok
  7253 | D:9      | Killed Gastronok
  7253 | D:9      | Reached *** piety under Okawaru
  7253 | D:9      | Reached skill level 9 in Unarmed Combat
  7590 | D:7      | Noticed a white ugly thing
  7601 | D:7      | Killed a white ugly thing
  7601 | D:7      | Reached XP level 11. HP: 78/105 MP: 7/10
  7790 | D:7      | Found a blossoming altar of Fedhas.
  7965 | D:8      | Reached **** piety under Okawaru
  8806 | D:9      | Found a runed translucent gate.
  8806 | D:9      | Found a runed translucent gate.
  8806 | D:9      | Found a runed translucent gate.
  8806 | D:9      | Noticed jr88keys's ghost (novice MiFi)
  8807 | D:9      | Noticed Weresquid's ghost (novice MiGl)
  8958 | D:9      | Noticed Joseph
  9283 | D:9      | Killed Joseph
  9283 | D:9      | Reached skill level 10 in Unarmed Combat
  9500 | D:9      | Reached ***** piety under Okawaru
  9606 | Lair:1   | Entered Level 1 of the Lair of Beasts
  9720 | Lair:1   | Noticed an eight-headed hydra
  9757 | Lair:2   | Found a hole to the Spider Nest.
 10017 | Lair:2   | Received a gift from Okawaru
 10356 | Lair:2   | Noticed an oklob plant
 10833 | Lair:2   | Killed an oklob plant
 10893 | Lair:3   | Identified a scroll of acquirement
 10893 | Lair:3   | Acquired 550 gold pieces
 10922 | Lair:3   | Reached XP level 12. HP: 107/115 MP: 11/11
 11153 | Lair:3   | Received a gift from Okawaru
 11157 | Lair:3   | Reached skill level 11 in Unarmed Combat
 11191 | Lair:3   | Found a frozen archway.
 11209 | IceCv    | Entered an ice cave
 11442 | IceCv    | Found a transporter.
 11461 | IceCv    | Found a transporter.
 11485 | IceCv    | Reached skill level 5 in Stealth
 11978 | Lair:2   | Lost intelligence.
 12254 | Lair:4   | Noticed a death yak
 12260 | Lair:4   | Noticed a death yak
 12267 | Lair:4   | Noticed a death yak
 12272 | Lair:4   | Killed a death yak
 12272 | Lair:4   | Reached skill level 1 in Invocations
 12276 | Lair:4   | Killed a death yak
 12281 | Lair:4   | Killed a death yak
 12899 | Lair:4   | Got a glimmering flail
 13087 | Lair:4   | Reached XP level 13. HP: 124/124 MP: 11/14
 13100 | Lair:4   | Received a gift from Okawaru
 13400 | Lair:4   | Found a staircase to the Shoals.
 13747 | Lair:5   | Found a gate leading to a gauntlet.
 13756 | Gauntlet | Entered a Gauntlet
 13756 | Gauntlet | Found a transporter.
 13765 | Gauntlet | Found a transporter.
 13767 | Gauntlet | Found a transporter.
 13769 | Gauntlet | Found a transporter.
 13784 | Gauntlet | Found a transporter.
 13829 | Gauntlet | Found a transporter.
 13831 | Gauntlet | Found a transporter.
 13846 | Gauntlet | Found a transporter.
 13859 | Gauntlet | Found a transporter.
 13861 | Gauntlet | Found a large runed translucent door.
 13861 | Gauntlet | Found a large runed translucent door.
 13862 | Gauntlet | Found a large runed translucent door.
 13862 | Gauntlet | Found a large runed translucent door.
 13863 | Gauntlet | Found a large runed translucent door.
 13863 | Gauntlet | Found a runed translucent door.
 13863 | Gauntlet | Found a large runed translucent door.
 13863 | Gauntlet | Found a runed translucent door.
 13863 | Gauntlet | Found a large runed translucent door.
 13863 | Gauntlet | Found a large runed translucent door.
 13864 | Gauntlet | Found a large runed translucent door.
 13864 | Gauntlet | Found a large runed translucent door.
 13867 | Gauntlet | Found a transporter.
 13924 | Gauntlet | Found a transporter.
 13938 | Gauntlet | Found a large runed translucent door.
 13939 | Gauntlet | Found a large runed translucent door.
 13940 | Gauntlet | Found a large runed translucent door.
 13941 | Gauntlet | Found a runed translucent gate.
 13942 | Gauntlet | Found a transporter.
 13942 | Gauntlet | Found a runed translucent gate.
 13943 | Gauntlet | Found a runed translucent gate.
 13944 | Gauntlet | Found a large runed translucent door.
 13945 | Gauntlet | Found a large runed translucent door.
 13946 | Gauntlet | Found a large runed translucent door.
 13955 | Gauntlet | Found a transporter.
 13955 | Gauntlet | Noticed a dire elephant
 13964 | Gauntlet | Found a transporter.
 13999 | Gauntlet | Found a transporter.
 14011 | Gauntlet | Found a transporter.
 14013 | Gauntlet | Noticed a death ooze
 14029 | Gauntlet | Found a transporter.
 14049 | Gauntlet | Found a transporter.
 14240 | Gauntlet | Reached skill level 12 in Unarmed Combat
 14364 | Gauntlet | Killed a dire elephant
 14364 | Gauntlet | Received a gift from Okawaru
 14381 | Gauntlet | Got a scorched crystal amulet
 14396 | Gauntlet | Identified the amulet of the Equinox {Reflect Int+7 SH+5}
                  | (You found it in a Gauntlet)
 14436 | Gauntlet | Noticed a minotaur
 14439 | Gauntlet | Killed a minotaur
 14449 | Gauntlet | Identified the Catalogue of Protection
 14451 | Gauntlet | Got aquamarine-encrusted acid dragon scales
 14453 | Gauntlet | Identified the Catalogue of Necromancy and the Arsonist
 14477 | Lair:5   | Identified the cursed +0 acid dragon scales of Time
                  | Monsters {rElec rPois rCorr Str+5} (You found it in a
                  | Gauntlet)
 14787 | Lair:5   | You fall into a shaft and drop 1 floor!
 14787 | Lair:6   | Entered Level 6 of the Lair of Beasts
 14871 | Lair:6   | Reached skill level 1 in Armour
 14989 | Lair:6   | Found a viscous altar of Jiyva.
 14989 | Lair:6   | Found a staircase to the Slime Pits.
 15266 | Lair:5   | Received a gift from Okawaru
 15266 | Lair:5   | Noticed a dire elephant
 15273 | Lair:5   | Reached skill level 5 in Invocations
 15278 | Lair:5   | Killed a dire elephant
 16327 | Lair:6   | Reached XP level 14. HP: 97/136 MP: 17/17
 16616 | Lair:6   | Received a gift from Okawaru
 16931 | Lair:6   | Found a large runed translucent door.
 16932 | Lair:6   | Found a large runed translucent door.
 17031 | Lair:6   | Received a gift from Okawaru
 17419 | D:10     | Identified the +1 halberd of Spores {holy, rElec Str-5
                  | Dex+5}
 17571 | D:10     | Reached skill level 13 in Unarmed Combat
 17638 | D:10     | Found a staircase to the Orcish Mines.
 18005 | Orc:1    | Entered Level 1 of the Orcish Mines
 18140 | Orc:2    | Entered Level 2 of the Orcish Mines
 18262 | Orc:2    | Found a staircase to the Elven Halls.
 18522 | Orc:2    | Found a shimmering blue altar of Sif Muna.
 18989 | Orc:2    | Found Tuim's Magic Scroll Boutique.
 19023 | Orc:2    | Found Ureumuab's Assorted Antiques.
 19036 | Orc:2    | Found Xased's Book Emporium.
 19038 | Orc:2    | Found Suyrheo's Assorted Antiques.
 19256 | Orc:2    | Received a gift from Okawaru
 19292 | Orc:2    | Bought a scroll labeled UPE ZIFOUB for 31 gold pieces
 19292 | Orc:2    | Bought a copper ring for 155 gold pieces
 19292 | Orc:2    | Bought a scroll of identify for 62 gold pieces
 19318 | Orc:2    | Bought a scroll of teleportation for 93 gold pieces
 19318 | Orc:2    | Bought a scroll of blinking for 232 gold pieces
 19318 | Orc:2    | Bought a scroll of identify for 62 gold pieces
 19318 | Orc:2    | Bought a fizzy puce potion for 27 gold pieces
 19318 | Orc:2    | Bought a scroll of enchant armour for 232 gold pieces
 19325 | Orc:2    | Bought a scroll of blinking for 97 gold pieces
 19325 | Orc:2    | Bought a scroll of magic mapping for 45 gold pieces
 19325 | Orc:2    | Bought a scroll of blinking for 97 gold pieces
 19637 | Orc:1    | Found a roughly hewn altar of Beogh.
 19939 | D:11     | Received a gift from Okawaru
 19950 | D:11     | Noticed Nergalle
 19967 | D:11     | Killed Nergalle
 20157 | D:11     | Noticed Josephine
 20183 | D:11     | Killed Josephine
 20183 | D:11     | Received a gift from Okawaru
 21333 | D:12     | Reached XP level 15. HP: 67/145 MP: 19/19
 21462 | D:12     | Found a bloodstained altar of Trog.
 21462 | D:12     | Noticed Anyutwal's ghost (journeyman HOFi)
 21465 | D:12     | Identified the +10 great sword "Fuloejog" {freeze, Int+3}
 21467 | D:12     | Identified the +4 morningstar of Xeuseb {drain, Str+3}
 21613 | D:12     | Found a transporter.
 21617 | D:12     | Found a transporter.
 21819 | D:13     | Found a gate to the Vaults.
 21948 | D:13     | Found a flagged portal.
 21957 | Bailey   | Entered a bailey
 22359 | D:13     | Reached skill level 10 in Shields
 22359 | D:13     | Reached XP level 16. HP: 154/154 MP: 20/20
 22493 | D:13     | Received a gift from Okawaru
 22928 | D:13     | Received a gift from Okawaru
 22931 | D:13     | Got scorched shadow dragon scales {god gift}
 22942 | D:13     | Identified the +11 shadow dragon scales "Hatageet" {Int+3
                  | Dex+5 Stlth++++} (Okawaru gifted it to you on level 13 of
                  | the Dungeon)
 23522 | D:14     | Reached skill level 14 in Unarmed Combat
 23529 | D:14     | Reached ****** piety under Okawaru
 23627 | D:14     | Noticed Agnes
 23635 | D:14     | Killed Agnes
 24023 | D:14     | Found a runed translucent gate.
 24023 | D:14     | Found a runed translucent gate.
 24024 | D:14     | Found a runed translucent gate.
 24024 | D:14     | Noticed Wutz's ghost (journeyman FoSk)
 24026 | D:14     | Noticed Icunaodgh's ghost (journeyman TeAE)
 24478 | D:15     | Entered Level 15 of the Dungeon
 24753 | D:15     | Found Hymo's Magic Scroll Shoppe.
 24773 | D:15     | Bought a scroll of acquirement for 1040 gold pieces
 24773 | D:15     | Bought a scroll of identify for 40 gold pieces
 24773 | D:15     | Bought a scroll of enchant armour for 150 gold pieces
 24774 | D:15     | Acquired 1200 gold pieces
 24795 | D:15     | Reached skill level 5 in Armour
 25204 | D:15     | Found a staircase to the Depths.
 25763 | Spider:1 | Entered Level 1 of the Spider Nest
 26334 | Spider:2 | Received a gift from Okawaru
 26405 | Spider:2 | Reached skill level 10 in Throwing
 26562 | Spider:2 | Reached XP level 17. HP: 163/163 MP: 22/22
 26615 | Spider:2 | Received a gift from Okawaru
 26900 | Spider:2 | Reached skill level 15 in Unarmed Combat
 26932 | Spider:2 | Noticed Kirke
 26952 | Spider:2 | Killed Kirke
 27856 | Spider:3 | Reached skill level 10 in Fighting
 27957 | Spider:3 | Received a gift from Okawaru
 28236 | Spider:4 | Entered Level 4 of the Spider Nest
 28347 | Spider:4 | Received a gift from Okawaru
 28358 | Spider:4 | Reached skill level 1 in Evocations
 28668 | Spider:4 | Received a gift from Okawaru
 29176 | Spider:4 | Noticed Arachne
 29351 | Spider:4 | Killed Arachne
 29375 | Spider:4 | Learned a level 3 spell: Mephitic Cloud
 29454 | Spider:4 | Got a gossamer rune of Zot
 29533 | Spider:4 | Received a gift from Okawaru
 29581 | Spider:4 | Reached XP level 18. HP: 165/176 MP: 23/23
 30164 | Shoals:1 | Entered Level 1 of the Shoals
 30305 | Lair:4   | Reached skill level 16 in Unarmed Combat
 31201 | Shoals:2 | Received a gift from Okawaru
 32336 | Shoals:3 | Received a gift from Okawaru
 32382 | Shoals:3 | Noticed Ilsuiw
 32439 | Shoals:3 | Killed Ilsuiw
 32537 | Shoals:3 | Noticed Mara
 32545 | Shoals:3 | Noticed 2bobheroes's illusion
 32560 | Shoals:3 | Killed Mara
 32765 | Shoals:3 | Noticed Louise
 32783 | Shoals:3 | Killed Louise
 32793 | Shoals:3 | Noticed Polyphemus
 32846 | Shoals:3 | Killed Polyphemus
 32846 | Shoals:3 | Received a gift from Okawaru
 33153 | Shoals:4 | Entered Level 4 of the Shoals
 33420 | Shoals:4 | Received a gift from Okawaru
 33661 | Shoals:4 | Reached XP level 19. HP: 166/185 MP: 24/24
 33730 | Shoals:4 | Received a gift from Okawaru
 33747 | Shoals:4 | Got a barnacled rune of Zot
 33795 | Shoals:4 | Reached skill level 17 in Unarmed Combat
 33931 | Shoals:4 | Received a gift from Okawaru
 34039 | Shoals:4 | Found the +6 shillelagh "Devastator" {shatter}
 34620 | Elf:1    | Entered Level 1 of the Elven Halls
 34693 | Elf:1    | Received a gift from Okawaru
 36493 | Elf:2    | Reached skill level 5 in Evocations
 36660 | Elf:2    | Found a huge runed translucent gate.
 36660 | Elf:2    | Found a huge runed translucent gate.
 36660 | Elf:2    | Found a huge runed translucent gate.
 36660 | Elf:2    | Found a huge runed translucent gate.
 36662 | Elf:2    | Found a huge runed translucent gate.
 36997 | Elf:2    | Received a gift from Okawaru
 37057 | Elf:2    | Received a gift from Okawaru
 37604 | Elf:3    | Entered Level 3 of the Elven Halls
 37918 | Elf:3    | Found Letenk's Weapon Shop.
 38149 | Elf:3    | Reached XP level 20. HP: 196/196 MP: 23/25
 38289 | Elf:3    | Identified the +6 trident "Uxygach" {protect, rElec Dex+6}
 38289 | Elf:3    | Identified the cursed ring of Jahoan {rC+ Int-4 Slay+3}
 38313 | Elf:3    | Cast into level 2 of the Abyss (a deep elf sorcerer)
 38320 | Abyss:2  | Found a corrupted altar of Lugonu.
 38434 | Abyss:2  | Reached skill level 18 in Unarmed Combat
 38606 | Abyss:2  | Received a gift from Okawaru
 38756 | Elf:3    | Escaped the Abyss
 38829 | Elf:3    | Received a gift from Okawaru
 38924 | Elf:3    | Identified the Collected Works on Venom and the Traveller
 39488 | Vaults:1 | Entered Level 1 of the Vaults
 39532 | Vaults:1 | Received a gift from Okawaru
 39633 | Vaults:1 | Noticed Donald
 39647 | Vaults:1 | Killed Donald
 39687 | Vaults:1 | Noticed Asterion
 39688 | Vaults:1 | Found a flickering gateway to a bazaar.
 39701 | Bazaar   | Entered a bazaar
 39715 | Bazaar   | Found Ite Exam's Antique Weapon Emporium.
 39732 | Bazaar   | Found Ereot's Armour Shoppe.
 39748 | Bazaar   | Found Mevuzipt's General Store.
 39748 | Bazaar   | Found Pesotusa's Antique Armour Emporium.
 39759 | Bazaar   | Bought a scroll of identify for 28 gold pieces
 39759 | Bazaar   | Bought a scroll of blinking for 105 gold pieces
 40039 | Vaults:1 | Killed Asterion
 40228 | Vaults:1 | Received a gift from Okawaru
 40998 | Vaults:2 | Noticed Boris
 41010 | Vaults:2 | Killed Boris
 41010 | Vaults:2 | Reached skill level 19 in Unarmed Combat
 41010 | Vaults:2 | Reached XP level 21. HP: 167/206 MP: 24/26
 41426 | Vaults:2 | Noticed Frederick
 41445 | Vaults:2 | Killed Frederick
 41560 | Vaults:2 | Found a staircase to the Crypt.
 41942 | Vaults:2 | Received a gift from Okawaru
 42268 | Vaults:2 | Received a gift from Okawaru
 42589 | Vaults:3 | Received a gift from Okawaru
 42865 | Vaults:3 | Found Pagyi's Magic Scroll Shoppe.
 42873 | Vaults:3 | Bought a scroll of teleportation for 45 gold pieces
 42873 | Vaults:3 | Bought a scroll of teleportation for 45 gold pieces
 42873 | Vaults:3 | Bought a scroll of identify for 30 gold pieces
 42873 | Vaults:3 | Bought a scroll of identify for 30 gold pieces
 42873 | Vaults:3 | Bought a scroll of identify for 30 gold pieces
 42873 | Vaults:3 | Bought a scroll of identify for 30 gold pieces
 42873 | Vaults:3 | Bought a scroll of identify for 30 gold pieces
 42873 | Vaults:3 | Bought a scroll of identify for 30 gold pieces
 42952 | Vaults:3 | Reached skill level 20 in Unarmed Combat
 43011 | Vaults:3 | Reached skill level 10 in Armour
 43163 | Vaults:3 | Received a gift from Okawaru
 43456 | Vaults:3 | Found a runed translucent gate.
 43456 | Vaults:3 | Found a runed translucent gate.
 43457 | Vaults:3 | Noticed hypoxyphilia's ghost (adept MiBe)
 43468 | Vaults:3 | Found a runed translucent gate.
 43858 | Vaults:3 | Found Revifraun's Antique Armour Shop.
 43858 | Vaults:3 | Found Lel Voy's Antique Weapon Shop.
 43858 | Vaults:3 | Found Luigeal's Distillery.
 43882 | Vaults:3 | Bought a potion of curing for 36 gold pieces
 43882 | Vaults:3 | Bought a potion of curing for 36 gold pieces
 43882 | Vaults:3 | Bought a potion of curing for 36 gold pieces
 43882 | Vaults:3 | Bought a potion of curing for 36 gold pieces
 43882 | Vaults:3 | Bought a potion of haste for 120 gold pieces
 43882 | Vaults:3 | Bought a potion of curing for 36 gold pieces
 43882 | Vaults:3 | Bought a potion of haste for 120 gold pieces
 43882 | Vaults:3 | Bought a potion of curing for 36 gold pieces
 44228 | Vaults:4 | Reached XP level 22. HP: 217/217 MP: 27/27
 44315 | Vaults:4 | Found Iguqo's General Store.
 44407 | Vaults:4 | Bought a potion of curing for 45 gold pieces
 44409 | Vaults:4 | Found Weducw's Gadget Emporium.
 44457 | Vaults:4 | Bought a tin of tremorstones (3/3) for 600 gold pieces
 44548 | Vaults:4 | Received a gift from Okawaru
 44647 | Vaults:4 | Identified the ring "Aneuxeuw" {rPois MR+ Str+8 Dex-5}
 45004 | Vaults:4 | Found a runed translucent gate.
 45008 | Vaults:4 | Found a runed translucent gate.
 45382 | Vaults:4 | Reached skill level 21 in Unarmed Combat
 45556 | Vaults:4 | Reached skill level 10 in Stealth
 45594 | Vaults:4 | Found Zosti's Antique Weapon Shop.
 45645 | Vaults:4 | Bought a glowing quick blade for 558 gold pieces
 45805 | Vaults:4 | Found a runed translucent gate.
 45808 | Vaults:4 | Noticed corvin's ghost (veteran TrBe)
 46233 | D:12     | Received a gift from Okawaru
 46256 | D:12     | Killed Anyutwal's ghost
 46445 | D:9      | Killed Weresquid's ghost
 46450 | D:9      | Killed jr88keys's ghost
 46635 | D:14     | Killed Wutz's ghost
 46639 | D:14     | Killed Icunaodgh's ghost
 46648 | D:14     | Identified the +6 kite shield "Xausixuz" {Int+6} (You found
                  | it on level 14 of the Dungeon)
 46655 | D:14     | Got a transparent marble ring
 46656 | D:14     | Identified the ring "Plog" {rC+ Int-3 Dex+4 Stlth-} (You
                  | found it on level 14 of the Dungeon)
 46754 | Depths:1 | Entered Level 1 of the Depths
 46755 | Depths:1 | Found a gateway to a ziggurat.
 46950 | Depths:1 | Paralysed by a vampire knight for 3 turns
 47415 | Depths:1 | Found a gateway to Hell.
 47985 | Depths:2 | Reached XP level 23. HP: 151/227 MP: 28/28
 48224 | Depths:2 | Received a gift from Okawaru
 48607 | Depths:2 | Found Zennusch's Slaves and Accessories.
 48621 | Depths:2 | Bought a wand of enslavement (6) for 96 gold pieces
 48621 | Depths:2 | Bought a wand of enslavement (6) for 96 gold pieces
 48665 | Depths:2 | Found The Legendary Uniush's Legendary Smithy.
 48720 | Depths:2 | Found Jack's Jerk-a-riffic Jerky.
 48784 | Depths:2 | Found Geobaq's Miraculous Elixirs.
 48999 | Depths:2 | Found a radiant altar of Vehumet.
 49172 | Depths:2 | Found an ancient bone altar of Kikubaaqudgha.
 49445 | Depths:2 | Received a gift from Okawaru
 49643 | Depths:2 | Got dazzling storm dragon scales {god gift}
 49644 | Depths:2 | Identified the +0 storm dragon scales of the Pit {Harm
                  | rElec Dex+6} (Okawaru gifted it to you on level 2 of the
                  | Depths)
 50407 | Depths:3 | Found a one-way gate leading to the halls of Pandemonium.
 50621 | Depths:3 | Noticed a juggernaut
 50632 | Depths:3 | Killed a juggernaut
 50722 | Depths:3 | You fall into a shaft and drop 2 floors!
 50722 | Depths:5 | Entered Level 5 of the Depths
 50812 | Depths:5 | Reached skill level 22 in Unarmed Combat
 50841 | Depths:5 | Identified the +6 scale mail of the Garden {*Slow rCorr
                  | Dex+3}
 50996 | Depths:5 | Received a gift from Okawaru
 50997 | Depths:5 | Found the +18 shield of the Gong {rElec rN+ MR+ EV-5}
 51274 | Depths:5 | Reached XP level 24. HP: 92/239 MP: 23/29
 52460 | Depths:5 | Found a gate to the Realm of Zot.
 52691 | Depths:4 | Acquired the ring of Incredulity {+Inv rElec rPois MR++
                  | Str-3}
 52969 | Depths:4 | Noticed an ancient lich
 52992 | Depths:4 | Killed an ancient lich
 53414 | Depths:3 | Received a gift from Okawaru
 53448 | Depths:3 | Found a transporter.
 53459 | Depths:3 | Found a transporter.
 53459 | Depths:3 | Found a runed translucent door.
 53459 | Depths:3 | Found a bloodstained altar of Trog.
 53460 | Depths:3 | Found the cursed necklace of Bloodlust {*Rage +Rage MR++
                  | Int-3 Slay+6 *Curse}
 53464 | Depths:3 | Noticed a juggernaut
 53466 | Depths:3 | Found the +8 orange crystal plate armour {Archmagi, Int+3
                  | Clar}
 53481 | Depths:3 | Reached skill level 10 in Evocations
 53499 | Depths:3 | Killed a juggernaut
 53965 | Depths:3 | Received a gift from Okawaru
 53968 | Depths:3 | Reached skill level 15 in Throwing
 53985 | Depths:3 | Identified the Disquisition on Evil and Transmutation
 54093 | Depths:3 | Reached skill level 15 in Shields
 54830 | Depths:4 | Identified the Reference Book on Dark Secrets
 55001 | Depths:4 | Received a gift from Okawaru
 55146 | Depths:4 | Reached XP level 25. HP: 221/249 MP: 29/29
 55215 | Depths:4 | Found a one-way gate to the infinite horrors of the Abyss.
 55224 | Depths:4 | Received a gift from Okawaru
 55390 | Depths:4 | Received a gift from Okawaru
 55514 | Depths:4 | Identified the +6 war axe of Summertime {flame, Dex+4}
 55530 | Depths:4 | Paralysed by an orc sorcerer for 3 turns
 55754 | Depths:4 | Learned a level 2 spell: Blink
 55758 | Depths:4 | Learned a level 3 spell: Lesser Beckoning
 55759 | Depths:4 | Voluntarily entered the Abyss.
 56630 | Abyss:2  | Gained mutation: You are weak. (Str -2) [a neqoxec]
 56854 | Abyss:3  | Reached skill level 1 in Translocations
 56922 | Abyss:3  | Got an abyssal rune of Zot
 56947 | Depths:4 | Escaped the Abyss
 57179 | Zot:1    | Entered Level 1 of the Realm of Zot
 57452 | Zot:1    | Found a transporter.
 57837 | Zot:1    | Identified the ring "Reptisho" {rN+ Str+2 Int+6 Dex+3
                  | Stlth-}
 57845 | Zot:1    | Found a transporter.
 57947 | Zot:1    | Received a gift from Okawaru
 58638 | Zot:2    | You fall into a shaft and drop 2 floors!
 58883 | Zot:2    | Reached skill level 15 in Fighting
 58957 | Zot:2    | Reached XP level 26. HP: 221/261 MP: 30/30
 59362 | Zot:2    | Received a gift from Okawaru
 59365 | Zot:2    | Identified the +2 hat "Viramn" {rElec MP+9 Slay-6} (Okawaru
                  | gifted it to you on level 2 of the Realm of Zot)
 59445 | Zot:2    | Noticed an orb of fire
 59450 | Zot:2    | Gained mutation: You are clumsy. (Dex -2) [an orb of fire]
 59458 | Zot:2    | Killed an orb of fire
 61686 | Zot:4    | Reached skill level 5 in Translocations
 61860 | Zot:4    | Reached XP level 27. HP: 269/269 MP: 30/30
 62440 | Zot:4    | Received a gift from Okawaru
 62680 | Zot:4    | Received a gift from Okawaru
 63004 | Zot:4    | Received a gift from Okawaru
 63058 | Zot:5    | Entered Level 5 of the Realm of Zot
 63058 | Zot:5    | Noticed an orb of fire
 63069 | Zot:5    | Killed an orb of fire
 63069 | Zot:5    | Received a gift from Okawaru
 63094 | Zot:5    | Noticed an orb of fire
 63110 | Zot:5    | Gained mutation: Armour fits poorly on your strangely
                  | shaped body. [an orb of fire]
 63116 | Zot:5    | Killed an orb of fire
 63203 | Zot:5    | Received a gift from Okawaru
 63232 | Zot:5    | HP: 11/270 [green draconian scorcher/bolt of magma (50)]
 63234 | Zot:5    | Killed from afar by a purple draconian scorcher

Illustrated notes

Levels and vault maps discovered:
D:1:      dpeg_arrival_houses_and_road, layout_loops_corners
D:2:      layout_loops_ring, grunt_temple_overflow_open
D:3:      wander_river, layout_basic, minmay_fractal_squares_diagonal_5,
          uniq_ijyb
D:4:      layout_rooms, lemuel_crystal_altar, tso_altar,
          minmay_temple_entry_purple_smoke, minmay_manual_moon
D:5:      layout_loops_ring, slow_altar_2, nicolae_ossuary_entry_ruins,
          first_ration, uniq_grinder
D:6:      layout_basic, lemuel_coloured_pillars_altar, uniq_edmund, uniq_pikel,
          uniq_blork_the_orc
D:7:      cheibrodos_barr_body, layout_loops_ring, fedhas_altar_4, uniq_duvessa
D:8:      layout_basic
D:9:      layout_roguey, due_lair_maze_entry_diamond, special_room
          [special_room_bee], gammafunk_ghost_cemetery, uniq_joseph,
          uniq_prince_ribbit1, uniq_gastronok
D:10:     layout_loops_ring, orc_0_dummy, grunt_livestock
D:11:     layout_irregular_city, uniq_josephine, uniq_nergalle
D:12:     layout_irregular_city, gammafunk_ghost_wrathful_warriors
D:13:     dragon1_lemuel, layout_stronghold, lightli_vaults_fourway_checkpoint,
          enter_bailey_2, serial_column_ruins, column_ruins_hut,
          column_ruins_hut, column_ruins_corridor_straight, column_ruins_grid_1,
          column_ruins_open_small_water, column_ruins_columns_corner,
          minmay_liquid_box
D:14:     layout_roguey, gammafunk_ghost_cemetery, special_room
          [special_room_orc], serial_park_square2, uniq_agnes
D:15:     gammafunk_enter_depths_forms, layout_cave_pods, serial_shops, shop,
          hangedman_abyss_or_decor_slice, due_unseen_surprise
Temple:   regret_index_temple_generic_petals
Lair:1:   layout_long_grid
Lair:2:   layout_cave_pods, spider_nest_entry_a
Lair:3:   layout_misc_corridors, portal_ice_cave_entry_pillars_1,
          beast_lair_carwin_6
Lair:4:   layout_regular_city, minmay_shoals_entry_beasts,
          infiniplex_staircase_pool, lemuel_fruit_fields, serial_bayou_shore_b,
          minmay_lair_oklob_chamber
Lair:5:   layout_gridlike, gauntlet_entry_generic, serial_bayou_ford_a,
          hangedman_lair_generics_rect
Lair:6:   cheibrodos_lair_end_hotspot, layout_cave_pods, slime_altar_1,
          disabler_island
Shoals:1: layout_shoals
Shoals:2: layout_shoals, argonaut_gorgonesque
Shoals:3: layout_shoals, nicolae_shoals_square_sea_wall, uniq_mara, uniq_ilsuiw,
          uniq_louise, uniq_polyphemus
Shoals:4: shoals_end_grunt_garden, layout_shoals, abandoned_shop,
          nicolae_shoals_kraken_party
Spider:1: layout_spider_delve
Spider:2: layout_spider_delve, uniq_kirke
Spider:3: layout_spider_delve, worms_lemuel, hangedman_spider_tarantella_strand
Spider:4: johnstein_spider_rune_arachne_lair
Orc:1:    layout_caves, basic_altar
Orc:2:    st_orc_elflike, layout_caves, led_sif_book
Elf:1:    layout_geoelf_octagon, kennysheep_underground_church,
          chequers_big_river
Elf:2:    layout_loops_corners
Elf:3:    elf_hall_gauntlet_narrow, layout_geoelf_grid, serial_shops,
          nicolae_shop_competitors_out_of_business
Vaults:1: grunt_vaults_twisty, vaults_mumra_chevron,
          ontoclasm_vaults_misaligned, nicolae_vaults_disjoint_gnomons,
          vaults_dpeg_ring, hangedman_vaults_capsules, grunt_vaults_bifocal,
          vaults_room_guarded_vault, grunt_vaults_diagonal,
          layout_vaults_maze_bifur, serial_shops, bzr_entry_water, uniq_donald,
          uniq_asterion
Vaults:2: st_squares, nicolae_vaults_network_square, v_misc_14,
          hangedman_vaults_locks, vaults_mumra_chevron_long, vaults_room_pool,
          nicolae_vaults_angled_halls, vaults_room_door_hall,
          hangedman_vaults_nails, vaults_room_ringed_pool, vaults_dpeg_spiral,
          nicolae_vaults_little_ls, ontoclasm_vaults_eye,
          minmay_crypt_entry_simple_box, nicolae_vaults_border_crossing,
          layout_vaults_omnicross, uniq_frederick, uniq_boris
Vaults:3: gammafunk_vaults_ghost_split, hangedman_vaults_hard_town_square,
          nicolae_vaults_little_squares_4, hangedman_vaults_pinch,
          ontoclasm_vaults_twist, ontoclasm_vaults_loading_screen, v_misc_22,
          v_alt_pattern_2, ontoclasm_vaults_idyll, vaults_dpeg_diagonal,
          layout_vaults_chaotic_city, serial_shops, shop
Vaults:4: gammafunk_vaults_ghost_spectres, nicolae_vaults_circle_grid_a,
          st_lines, nicolae_vaults_specimen_jars, vaults_room_stairs_pillars,
          vaults_standard_mumra_x, vaults_mumra_hex, v_misc_12,
          nicolae_vaults_alarming, nicolae_vaults_angled_halls,
          hangedman_vaults_trim, layout_vaults_omnigrid, serial_shops, shop,
          shop_statue, nicolae_shop_crystal
Depths:1: layout_honeycomb, enter_ziggurat_d, minivault_14,
          grunt_mini_vestibule, minmay_guarded_unrand_curses
Depths:2: grated_community_mu [grated_community_mu_vampire_home,
          grated_community_mu_giant_home, grated_community_mu_spellcaster_home,
          grated_community_mu_orcish_home, grated_community_mu_troll_home,
          grated_community_mu_taur_home, grated_community_mu_unbuilt_plot],
          layout_basic, pf_hell_entry_tar_river, minmay_misc_feat_encased,
          lemuel_old_faithful, infiniplex_staircase_pool_2
Depths:3: emtedronai_trogs_sanctum, layout_basic, grunt_pan_entry_sceptre,
          pf_coc_iceberg, infiniplex_staircase_pool_lava
Depths:4: hangedman_six_sided_sadism, layout_gridlike, hell_entry, special_room
          [special_room_morgue], abyss_entry, chequers_serial_rivers_small_3
Depths:5: evilmike_zot_entry_hall, layout_gridville, serial_bayou,
          serial_bayou_pond_e, serial_bayou_shore_b, serial_bayou_shore_b,
          serial_bayou_lake_a, hell_entry
Zot:1:    gammafunk_sealed_arena, layout_misc_corridors
Zot:2:    layout_basic
Zot:3:    layout_cellular_growth
Zot:4:    kennysheep_ambush_hall, layout_misc_corridors
Zot:5:    layout_twisted_circle

Skill      XL: |  1  2  3  4  5  6  7  8  9 10 11 12 13 14 15 16 17 18 19 20 21 22 23 24 25 26 27 |
---------------+----------------------------------------------------------------------------------+-----
Throwing       | 1 2 3 4 5 6 7 8 9 10 11 12 13 14 15 16 | 16.2
Unarmed Combat | 3 4 5 6 7 9 10 11 12 13 14 15 16 17 19 20 21 22 | 22.0
Fighting       | 3 4 5 6 7 8 9 10 11 12 13 14 15 | 15.4
Dodging        | 3 4 5 6 7 8 9 |  9.1
Stealth        | 1 2 3 4 5 6 7 8 9 10 11 12 | 12.0
Shields        | 3 4 5 6 7 8 10 11 12 13 14 15 16 17 | 17.0
Invocations    | 3 5 7 8 |  8.0
Armour         | 2 3 5 6 7 8 9 10 11 12 13 | 13.7
Evocations     | 2 4 5 6 7 8 9 10 11 12 | 12.4
Translocations | 3 6 7 |  7.6

Action                   |  1- 3 |  4- 6 |  7- 9 | 10-12 | 13-15 | 16-18 | 19-21 | 22-24 | 25-27 || total
-------------------------+-------+-------+-------+-------+-------+-------+-------+-------+-------++-------
Melee: Unarmed           |    82 |   190 |   501 |   646 |  1091 |  1680 |  1360 |  1837 |  1197 ||  8584
       Staff             |       |       |       |       |       |     1 |       |       |       ||     1
Throw: Stone             |     2 |       |    10 |     3 |    26 |    36 |       |       |       ||    77
       Boomerang         |       |       |       |    44 |    29 |    15 |    97 |    28 |       ||   213
       Javelin           |       |       |       |     4 |    13 |    18 |   113 |     4 |     2 ||   154
       Large rock        |       |       |       |       |       |    54 |    42 |    54 |    19 ||   169
Invok: Heroism           |       |       |     2 |    27 |    18 |    43 |    34 |    46 |    35 ||   205
       Finesse           |       |       |       |       |     2 |     8 |     6 |     3 |     3 ||    22
 Abil: Evoke Flight      |       |       |       |       |       |    24 |     4 |       |       ||    28
Evoke: Wand              |       |       |       |     2 |       |       |       |     1 |       ||     3
  Use: Scroll            |       |     8 |     4 |    11 |    13 |     6 |     5 |     8 |    13 ||    68
       Potion            |       |     1 |       |     3 |     1 |       |     1 |       |     7 ||    13
 Stab: Sleeping          |     1 |     2 |     6 |     9 |     7 |    29 |    29 |    28 |    17 ||   128
       Distracted        |       |       |     1 |     1 |     2 |     6 |     4 |    10 |    14 ||    38
       Petrified         |       |       |       |       |       |     2 |       |       |       ||     2
       Petrifying        |       |       |       |       |       |     1 |       |       |       ||     1
       Confused          |       |       |       |       |       |       |       |       |     1 ||     1
  Eat: Chunk             |    19 |    19 |    32 |    51 |    89 |   108 |    94 |    99 |    72 ||   583
       Ration            |       |       |       |     1 |       |       |       |       |       ||     1
Armor: Robe              |    31 |    54 |   126 |   132 |    14 |       |       |       |       ||   357
       Acid dragon scale |       |       |       |       |   113 |     7 |       |       |       ||   120
       Shadow dragon sca |       |       |       |       |       |   504 |   199 |   239 |   154 ||  1096
Dodge: Dodged            |    21 |    44 |   156 |   224 |   324 |   622 |   300 |   436 |   257 ||  2384
Block: Kite shield       |    33 |    69 |   203 |   268 |   144 |       |       |       |       ||   717
       Tower shield      |       |       |       |       |   819 |  2019 |  1023 |  1422 |   890 ||  6173
       Reflection        |       |       |       |       |    58 |   126 |   123 |   124 |    19 ||   450
